AoeStats
← CavArchers

Oasis

510254966Analyzed
4v4 RM · 2d ago on Sep 30, 2026· 26m 45s· 8 players
Game mode
Random Map
Map size
Large (8 player)
Population
200
Speed
Normal
Resources
Standard
Victory
Conquest
Starting age
Dark Age
Ending age
Imperial Age
RankedLock teamsTeams togetherTeam positionsShared explorationLock speedFull tech treeHidden civsTurbo modeCheats
Victory
Defeat
🇨🇴 Magyars · Colombia
1372
+12
🇨🇴 Saracens · Colombia
1370
+12
🇨🇳 Britons · China
1333
+14
🇲🇽 Khmer · Mexico
1272
+17
🇺🇸 Saracens · United States
1287
-14
🇨🇳 Magyars · China
1287
-14
🇨🇳 Cumans · China
1284
-14
🇲🇽 Wu · Mexico
1273
-13
CavArchers
9:18 Feudal Age
11:04 Double-Bit Axe
12:14 Horse Collar
15:05 Loom
15:56 Wheelbarrow
16:19 Scale Barding Armor
19:34 Bloodlines
25:52 Castle Age
24:41 Stone Mining
24:44 Gold Mining
26:00 Light Cavalry
26:41 Husbandry
27:05 Chain Barding Armor
mimikyu
4:42 Loom
8:55 Feudal Age
9:49 Double-Bit Axe
14:31 Horse Collar
17:06 Wheelbarrow
20:25 Castle Age
19:20 Gold Mining
19:46 Forging
20:13 Scale Barding Armor
20:41 Bloodlines
23:16 Loom
23:49 Bow Saw
24:49 Gold Shaft Mining
25:32 Town Watch
27:10 Chain Barding Armor
mairlarabe
5:37 Loom
10:53 Feudal Age
16:40 Fletching
yogieberere
5:29 Loom
6:03 Loom
8:54 Feudal Age
9:39 Double-Bit Axe
14:25 Horse Collar
16:58 Fletching
17:09 Padded Archer Armor
23:01 Castle Age
25:16 Gold Mining
Nomore
7:16 Loom
9:43 Feudal Age
14:20 Fletching
14:57 Horse Collar
16:05 Padded Archer Armor
18:49 Double-Bit Axe
19:42 Gold Mining
25:32 Castle Age
26:38 Wheelbarrow
25:49 Town Watch
26:12 Bodkin Arrow
26:33 Leather Archer Armor
25:39 Crossbowman
27:07 Heavy Plow
27:20 Bow Saw
Duwhite
6:27 Loom
9:03 Feudal Age
11:04 Double-Bit Axe
13:10 Fletching
18:41 Padded Archer Armor
20:25 Wheelbarrow
24:41 Castle Age
23:23 Gold Mining
23:43 Horse Collar
24:41 Crossbowman
25:22 Bodkin Arrow
26:47 Bow Saw
Motta7Villa
6:11 Loom
8:46 Feudal Age
9:45 Double-Bit Axe
13:05 Horse Collar
18:24 Wheelbarrow
21:35 Castle Age
20:02 Gold Mining
21:12 Bloodlines
21:08 Scale Barding Armor
22:29 Husbandry
22:51 Chain Barding Armor
22:45 Bow Saw
24:26 Gold Shaft Mining
[inkas'A] jony567
2:26 Loom
12:33 Feudal Age
16:46 Castle Age
15:14 Double-Bit Axe
15:46 Horse Collar
16:42 Scale Barding Armor
19:41 Husbandry
22:01 Town Watch
23:06 Chain Barding Armor
25:55 Fletching
Connection lost

Rejoining the realm…

Still unreachable

The connection could not be restored.

Session expired

The server has moved on; the page needs a fresh start.